 Dungeon Crawl Stone Soup version 0.29.1-14-g9c671dbff4 (webtiles) character file.

Game seed: 14854795116385877117

87 bnorton916 the Magician (level 4, -4/24 HPs)
             Began as a Deep Elf Fire Elementalist on Feb 14, 2023.
             Slain by an ogre
             ... wielding a +0 giant club
              (28 damage)
             ... on level 4 of the Dungeon.
             The game lasted 00:02:30 (4496 turns).

bnorton916 the Magician (DEFE)                      Turns: 4496, Time: 00:02:30

Health: -4/24      AC:  3    Str:  5    XL:     4   Next: 28%
Magic:  8/12       EV: 16    Int: 22    God:
Gold:   142        SH:  0    Dex: 15    Spells: 10/11 levels left

rFire   . . .      SeeInvis .   p - +0 spear (venom)
rCold   . . .      Faith    .   (no shield)
rNeg    . . .      Spirit   .   a - +0 robe
rPois   .          Reflect  .   (no helmet)
rElec   .          Harm     .   (no cloak)
rCorr   .          Rampage  .   h - +0 pair of gloves
Will    .....                   (no boots)
Stlth   ++........              (no amulet)
HPRegen 0.08/turn               d - +4 ring of evasion
MPRegen 0.13/turn               (no ring)

@: very slightly contaminated
A: no striking features
a: no special abilities


You were on level 4 of the Dungeon.
You visited 1 branch of the dungeon, and saw 4 of its levels.

You collected 142 gold pieces.

Inventory:

Hand Weapons
 p - a +0 spear of venom (weapon)
Armour
 a - a +0 robe (worn)
 h - a +0 pair of gloves (worn)
Jewellery
 d - a +4 ring of evasion (left hand)
 o - a +4 ring of protection
Scrolls
 e - 4 scrolls of identify {unknown}
 f - a scroll of noise {unknown}
 g - a scroll of vulnerability {unknown}
 j - a scroll of enchant weapon {unknown}
 k - a scroll of silence {unknown}
 l - a scroll of teleportation {unknown}
 m - a scroll of blinking {unknown}
 q - a scroll of immolation {unknown}
Potions
 b - a potion of magic
 c - 5 potions of curing {unknown}
 i - a potion of lignification {unknown}
 n - a potion of mutation {unknown}


   Skills:
 - Level 2.4 Dodging
 - Level 2.4 Stealth
 + Level 4.3 Spellcasting
 + Level 2.6 Conjurations
 + Level 4.2 Fire Magic


You had 10 spell levels left.
You knew the following spells:

 Your Spells              Type           Power      Damage    Failure   Level
a - Foxfire               Conj/Fire      80%        2x1d8     2%          1

Your spell library contained the following spells:

 Spells                   Type           Power      Damage    Failure   Level
 Scorch                   Fire           46%        2d7       3%          2
 Shock                    Conj/Air       40%        1d5       6%          1
 Conjure Flame            Conj/Fire      20%        6-21      8%          3
 Inner Flame              Hex/Fire       14%        N/A       14%         3
 Ensorcelled Hibernation  Hex/Ice        8%         N/A       16%         2
 Flame Wave               Conj/Fire      20%        2d7       26%         4
 Spider Form              Tmut/Pois      4%         N/A       32%         3
 Swiftness                Air            4%         N/A       32%         3
 Airstrike                Air            2%         2d(1-17)  71%         4
 Anguish                  Hex/Necr       2%         N/A       71%         4


Dungeon Overview and Level Annotations

Branches:
Dungeon (4/15)
 Temple: D:4-7

Altars:

Annotations:
D:3 Robin


Message History

You start waiting.
An ogre comes into view. It is wielding a +0 giant club.
Casting: Foxfire (safe; 2% risk of failure)
Confirm with . or Enter, or press ? or * to list all spells.
You conjure some foxfire!
Casting: Foxfire (safe; 2% risk of failure)
Confirm with . or Enter, or press ? or * to list all spells.
You miscast Foxfire.
You are very lightly contaminated with residual magic.
Nothing appears to happen.
The foxfire hits the ogre.
The ogre is lightly wounded.
Your foxfire dissipates!
You hear a shout!
Casting: Foxfire (safe; 2% risk of failure)
Confirm with . or Enter, or press ? or * to list all spells.
You conjure some foxfire!
You hear a shout!
A kobold comes into view. It is wielding a +0 short sword.
A kobold comes into view. It is wielding a +0 dagger.
The foxfire hits the ogre.
The ogre is moderately wounded.
The foxfire hits the ogre.
The ogre is heavily wounded.
Casting: Foxfire (safe; 2% risk of failure)
Confirm with . or Enter, or press ? or * to list all spells.
You conjure some foxfire!
The foxfire hits the ogre.
The ogre is heavily wounded.
The foxfire hits the ogre.
The ogre is severely wounded.
The ogre misses you.
Casting: Foxfire (safe; 2% risk of failure)
Confirm with . or Enter, or press ? or * to list all spells.
You conjure some foxfire!
The foxfire hits the kobold but does no damage.
The foxfire hits the kobold.
You kill the kobold!
The ogre hits you with a +0 giant club!!
Ouch! That really hurt!
You die...

... .
..######. ..
#........ ...
+........
..###K.......
..).....$..
#O.§...#
+.@§..#
#######


You could see an ogre and a kobold.

Vanquished Creatures
  3 adders
  A worm (D:2)
  2 dart slugs
  An orc (D:3)
  3 endoplasms
  3 giant cockroaches
  5 goblins
  6 hobgoblins
  6 jackals
  3 kobolds
  5 ball pythons
  5 bats
  4 frilled lizards
  3 rats
50 creatures vanquished.

Vanquished Creatures (others)
  266 foxfires
266 creatures vanquished.

Grand Total: 316 creatures vanquished

Notes
Turn   | Place    | Note
-------+----------+-------------------------------------------
     0 | D:1      | bnorton916 the Deep Elf Fire Elementalist began the quest
                  | for the Orb.
     0 | D:1      | Reached XP level 1. HP: 10/10 MP: 6/6
   644 | D:1      | Reached XP level 2. HP: 15/15 MP: 4/8
  1092 | D:2      | Found a faded altar of an unknown god.
  1911 | D:2      | Reached XP level 3. HP: 19/19 MP: 6/10
  2622 | D:2      | Identified the +0 leather armour of the Villain {rElec rC-
                  | Slay+3}
  3783 | D:3      | Reached XP level 4. HP: 15/24 MP: 10/12
  4350 | D:3      | Noticed Robin
  4487 | D:4      | Noticed an ogre
  4496 | D:4      | Slain by an ogre

Illustrated notes

Levels and vault maps discovered:
D:1:      pf_arrival_petrified_forest, layout_basic
D:2:      layout_basic, hellmonk_ecumenical_altar_crossroads
D:3:      kennysheep_the_goblin_king, layout_basic,
          beargit_hepliaklqana_dungeon_heroes, uniq_ijyb, uniq_robin
D:4:      layout_basic, mainiacjoe_overflow_small_starburst,
          hangedman_glass_teeth, uniq_duvessa, uniq_menkaure

Skill      XL: |  1  2  3 |
---------------+----------+-----
Conjurations   | 2 |  2.6
Spellcasting   | 4 |  4.3
Fire Magic     | 4 |  4.2
Dodging        | |  2.4
Stealth        | |  2.4

Action                   |  1- 3 |  4- 6 || total
-------------------------+-------+-------++-------
Melee: Spear             |     1 |     4 ||     5
 Cast: Foxfire           |   157 |    20 ||   177
Armor: Robe              |     4 |     2 ||     6
Dodge: Dodged            |    34 |    17 ||    51
